 Dungeon Crawl Stone Soup version 0.26-a0-610-g3e9335bbc7 (webtiles) character file.

Game seed: 10854188118311640341

3973 Hastur the Fighter (level 10, 0/111 HPs)
             Began as an Ogre Hedge Wizard on Sept 3, 2020.
             Was an Initiate of Gozag.
             Slain by a komodo dragon (14 damage)
             ... on level 8 of the Dungeon.
             The game lasted 00:37:35 (13586 turns).

Hastur the Fighter (Ogre Hedge Wizard)             Turns: 13586, Time: 00:37:36

Health: 0/111      AC:  4    Str: 16    XL:     10   Next: 22%
Magic:  6/17       EV: 13    Int: 18    God:    Gozag
Gold:   593        SH:  0    Dex:  8    Spells: 13/19 levels left

rFire    . . .     SeeInvis .   C - +3 quarterstaff
rCold    . . .     Faith    .   (shield currently unavailable)
rNeg     . . .     Spirit   .   b - +0 robe
rPois    .         Reflect  .   c - +0 hat
rElec    .         Harm     .   q - +0 cloak
rCorr    +                      (gloves unavailable)
MR       +....                  (boots unavailable)
Stlth    +.........             (no amulet)
HPRegen  0.28/turn              n - ring of resist corrosion
MPRegen  0.15/turn              (no ring)

@: no status effects
A: large, unfitting armour, tough skin 1
a: Potion Petition, Call Merchant, Bribe Branch, Renounce Religion


You were on level 8 of the Dungeon.
You worshipped Gozag.
Gozag was pleased with you.
You visited 2 branches of the dungeon, and saw 9 of its levels.

You collected 1144 gold pieces.
You paid 551 gold pieces to Gozag.

Inventory:

Hand Weapons
 k - a +0 short sword of protection
   (You took it off a kobold on level 2 of the Dungeon)
 r - the cursed +1 scythe "Seudd" {vorpal, rElec}
   (You found it on level 4 of the Dungeon)

   It inflicts extra damage upon your enemies.
   It insulates you from electricity.
   It has a curse placed upon it.
 w - a +0 giant spiked club
   (You took it off an ogre on level 5 of the Dungeon)
 z - a +4 flail of protection
   (You took it off Edmund on level 6 of the Dungeon)
 C - a +3 quarterstaff (weapon)
   (You found it on level 5 of the Dungeon)
Missiles
 d - 276 stones (quivered)
Armour
 b - a +0 robe (worn)
 c - a +0 hat (worn)
 q - a +0 cloak (worn)
   (You found it on level 4 of the Dungeon)
Jewellery
 n - a ring of resist corrosion (left hand)
   (You found it on level 2 of the Dungeon)
 A - an uncursed amulet of regeneration {unknown}
   (You found it on level 7 of the Dungeon)
 B - an uncursed amulet of guardian spirit {unknown}
   (You found it on level 7 of the Dungeon)
Wands
 l - a wand of enslavement (9)
   (You found it on level 2 of the Dungeon)
 t - a wand of flame (12)
   (You found it on level 7 of the Dungeon)
 v - a wand of digging (5)
   (You found it on level 7 of the Dungeon)
Scrolls
 a - 2 scrolls of amnesia {unknown}
 f - 7 scrolls of identify {@r1}
 h - 3 scrolls of magic mapping {unknown}
 i - 3 scrolls of blinking {unknown}
 j - 5 scrolls of remove curse {@r2}
 o - a scroll of teleportation {unknown}
 u - a scroll of enchant weapon {unknown}
 y - a scroll of enchant armour {unknown}
 D - a scroll of vulnerability {unknown}
Potions
 e - 3 potions of invisibility
 g - 3 potions of heal wounds {@q2}
 m - 2 potions of mutation {!q}
 p - 4 potions of curing {unknown}
 s - 3 potions of stabbing {unknown}
 x - a potion of degeneration {unknown}


   Skills:
 + Level 10.9 Fighting
 + Level 2.5 Maces & Flails
 + Level 8.2 Dodging
 - Level 1.4 Stealth
 - Level 5.0 Spellcasting
 - Level 3.0 Conjurations
 - Level 2.0 Summonings
   Level 0.8 Translocations
 - Level 3.0 Air Magic
 - Level 3.0 Poison Magic


You had 13 spell levels left.
You knew the following spells:

 Your Spells              Type           Power        Failure   Level
a - Magic Dart            Conj           ###.         3%          1
f - Mephitic Cloud        Conj/Pois/Air  ###.....     12%         3
x - Call Imp              Summ           ##......     9%          2

Your spell library contained the following spells:

 Spells                   Type           Power        Failure   Level
 Corona                   Hex            #......      13%         1
 Blink                    Tloc           N/A          14%         2
 Ensorcelled Hibernation  Hex/Ice        #.....       21%         2
 Slow                     Hex            #.......     21%         2
 Conjure Flame            Conj/Fire      #.......     22%         3
 Dazzling Flash           Conj/Hex       #.....       22%         3
 Gell's Gravitas          Tloc           #.........   28%         3
 Confusing Touch          Hex            #.......     36%         3
 Tukima's Dance           Hex            #.......     36%         3
 Petrify                  Tmut/Erth      #.......     78%         4
 Metabolic Englaciation   Hex/Ice        #.........   98%         5
 Yara's Violent Unravell  Hex/Tmut       #.........   98%         5


Dungeon Overview and Level Annotations

Branches:
Dungeon (8/15)             Temple (1/1) D:4
   Lair: D:8-11

Altars:
Ashenzari
Cheibriados
Dithmenos
Elyvilon
Fedhas
Gozag
Hepliaklqana
Kikubaaqudgha
Makhleb
Nemelex Xobeh
Okawaru
Qazlal
Ru
Trog
Uskayaw
Vehumet
Wu Jian
Xom
Yredelemnul
Zin
The Shining One

Shops:
D:4 [![}:   D:7 (

Annotations:
D:7 2 transporters, fly's ghost, novice HuDe


Innate Abilities, Weirdness & Mutations

You are too large for most types of armour.
You have tough skin. (AC +1)


Message History

Aim: a komodo dragon (heavily wounded, confused)
The magic dart hits the komodo dragon.
You can't see any susceptible monsters within range! (Use Z to cast anyway.) Unknown command.
You can't see any susceptible monsters within range! (Use Z to cast anyway.) Unknown command.
You swap places.
Your magical contamination has completely faded away.
The komodo dragon seems less confused.
You thump the komodo dragon! The komodo dragon bites you!!
You barely miss the komodo dragon. The komodo dragon barely misses you.
The komodo dragon bites you.
You closely miss the komodo dragon.
Your crimson imp blinks!
The komodo dragon barely misses you.
Your crimson imp blinks!
The komodo dragon hisses menacingly.
The komodo dragon bites you!!
You hit the komodo dragon.
Your shadow imp hits the komodo dragon but does no damage.
The komodo dragon misses your shadow imp.
You barely miss the komodo dragon. The komodo dragon bites you!
You hit the komodo dragon but do no damage.
The komodo dragon bites you!
* * * LOW HITPOINT WARNING * * *
Your crimson imp barely misses the komodo dragon.
The komodo dragon bites you!
* * * LOW HITPOINT WARNING * * *
You barely miss the komodo dragon.
Your crimson imp barely misses the komodo dragon.
The komodo dragon barely misses you.
Your crimson imp hits the komodo dragon but does no damage.
You closely miss the komodo dragon. The komodo dragon barely misses you.
Your crimson imp hits the komodo dragon but does no damage.
You closely miss the komodo dragon. The komodo dragon bites you.
* * * LOW HITPOINT WARNING * * *
Your crimson imp hits the komodo dragon but does no damage.
You hit the komodo dragon but do no damage.
The komodo dragon bites you!
* * * LOW HITPOINT WARNING * * *
Your crimson imp hits the komodo dragon but does no damage.
The komodo dragon barely misses your crimson imp.
You hit the komodo dragon.
Your crimson imp disappears in a puff of smoke!
The komodo dragon misses you.
Your shadow imp hits the komodo dragon but does no damage.
Aim: a komodo dragon (almost dead)
The magic dart hits the komodo dragon.
The komodo dragon bites you!
You die...
Your body crumbles into a pile of gold.

. # #. # .# ## # . ..
..############## # ... #.#
#.#............. # #?... #..#
#.#.###########.
#####.......#...##.#.#.........#.
.................#.#.###.#####.#.
..S........ # #.@l.#...........#.
<.l......## ..###5.#...#.#######.
........## ....##ยง#.............
.......... #.......#.#.########
........... ##.................
.)......?.. #....#.#.#.######.#
###........ #.....#...#........#
.###.# ..!.##.#......####### ..
#..###...>.......)....


You could see a komodo dragon and a friendly shadow imp (summoned).

Vanquished Creatures
  A two-headed ogre (D:7)
  A wraith (D:7)
  Edmund (D:6)
  A black bear (D:6)
  An orc warrior (D:8)
  3 ogres
  3 centaurs (D:5)
  4 bullfrogs
  3 killer bees (D:7)
  A water moccasin skeleton (D:8)
  3 scorpions
  3 wights (D:6)
  A howler monkey (D:4)
  A centaur zombie (D:5)
  A hound (D:8)
  An orc priest (D:5)
  A bullfrog skeleton (D:5)
  2 jellies
  An orc wizard (D:8)
  An iguana (D:7)
  7 worker ants
  A hound zombie (D:5)
  A worker ant zombie (D:7)
  3 gnolls
  2 howler monkey skeletons (D:6)
  4 adders
  A shadow imp (D:6)
  A white imp (D:7)
  An ufetubus (D:5)
  2 oozes
  A worm (D:8)
  2 dart slugs (D:2)
  7 leopard geckos
  10 orcs
  11 bats
  6 giant cockroaches
  4 goblins
  6 hobgoblins
  7 jackals
  5 quokkas
  3 ball pythons
  6 frilled lizards
  9 kobolds
  A quokka skeleton (D:5)
  14 rats
149 creatures vanquished.

Vanquished Creatures (collateral kills)
  Harold (D:8)
  A two-headed ogre (D:7)
  Grinder (D:3)
  A phantom (D:8)
  An ogre (D:5)
  2 bullfrogs
  An orc priest (D:4)
  3 orc wizards
  A bullfrog skeleton (D:5)
  3 worker ants
  An iguana (D:7)
  An adder (D:5)
  A white imp (D:5)
  A dart slug (D:2)
  A leopard gecko (D:7)
  4 orcs
  2 kobolds
  A rat (D:2)
27 creatures vanquished.

Grand Total: 176 creatures vanquished

Notes
Turn   | Place    | Note
-------+----------+-------------------------------------------
     0 | D:1      | Hastur the Ogre Hedge Wizard began the quest for the Orb.
     0 | D:1      | Reached XP level 1. HP: 16/16 MP: 5/5
    13 | D:1      | Reached skill level 1 in Conjurations
   308 | D:1      | Reached XP level 2. HP: 14/26 MP: 1/6
   492 | D:1      | Found a shattered altar of Ashenzari.
   600 | D:1      | Reached skill level 1 in Fighting
  1120 | D:1      | Reached XP level 3. HP: 33/33 MP: 4/8
  1491 | D:2      | Learned a level 2 spell: Call Imp
  1728 | D:2      | You fall into a shaft and drop 1 floor!
  1729 | D:3      | Noticed Grinder
  1731 | D:3      | Paralysed by Grinder for 6 turns
  1765 | D:3      | Killed Grinder
  1765 | D:3      | Reached skill level 3 in Fighting
  1765 | D:3      | Reached XP level 4. HP: 31/45 MP: 2/10
  1765 | D:3      | Reached XP level 5. HP: 36/53 MP: 2/11
  3466 | D:3      | Noticed an ogre
  3635 | D:3      | Killed an ogre
  3635 | D:3      | Reached XP level 6. HP: 41/62 MP: 3/12
  3843 | D:3      | Found a blossoming altar of Fedhas.
  4265 | D:4      | Found Hitiuwud's Gadget Boutique.
  4280 | D:4      | Found Xeoqylei's Antique Armour Shoppe.
  4373 | D:4      | Found a staircase to the Ecumenical Temple.
  4395 | Temple   | Entered the Ecumenical Temple
  4457 | Temple   | Became a worshipper of Gozag Ym Sagoz the Greedy
  4502 | D:4      | Reached skill level 4 in Fighting
  4834 | D:4      | Found Jounliuc's Distillery.
  4925 | D:4      | Found Veqoahe's Book Shop.
  4992 | D:4      | Found a shimmering altar of Xom.
  5158 | D:4      | Learned a level 3 spell: Mephitic Cloud
  5196 | D:4      | Got a crystal scythe
  5197 | D:4      | Identified the cursed +1 scythe "Seudd" {vorpal, rElec}
                  | (You found it on level 4 of the Dungeon)
  5290 | D:4      | Found Fiusoz's Armour Emporium.
  5561 | D:5      | Entered Level 5 of the Dungeon
  6207 | D:5      | Reached XP level 7. HP: 52/71 MP: 2/14
  6359 | D:5      | Found an ancient bone altar of Kikubaaqudgha.
  6361 | D:5      | Found a sparkling altar of Nemelex Xobeh.
  6369 | D:5      | Reached skill level 5 in Spellcasting
  6369 | D:5      | Reached skill level 1 in Air Magic
  6369 | D:5      | Reached skill level 1 in Poison Magic
  6428 | D:5      | Found a hide-covered altar of Uskayaw.
  7136 | D:5      | Reached skill level 5 in Fighting
  8380 | D:5      | Reached skill level 6 in Fighting
  8380 | D:5      | Reached XP level 8. HP: 72/83 MP: 8/15
  9350 | D:6      | Reached skill level 5 in Dodging
  9549 | D:6      | Reached skill level 7 in Fighting
  9940 | D:6      | Noticed Edmund
  9962 | D:6      | Killed Edmund
 10456 | D:7      | Noticed a moth of wrath
 10563 | D:7      | Found a transporter.
 10563 | D:7      | Noticed a two-headed ogre
 10608 | D:7      | Found a transporter.
 10608 | D:7      | Noticed a troll
 10614 | D:7      | Reached XP level 9. HP: 88/94 MP: 9/16
 10630 | D:7      | Killed a two-headed ogre
 10630 | D:7      | Reached skill level 8 in Fighting
 10638 | D:7      | Noticed fly's ghost (novice HuDe)
 10655 | D:7      | HP: 1/97 [wraith (12)]
 10657 | D:7      | Reached skill level 9 in Fighting
 10662 | D:7      | Identified the +8 trident of Zabaaw {chaos, rC+}
 11197 | D:7      | Found a bloodstained altar of Trog.
 11631 | D:7      | Noticed a two-headed ogre
 11644 | D:7      | Killed a two-headed ogre
 11644 | D:7      | Reached skill level 10 in Fighting
 12614 | D:7      | Found a stormy altar of Qazlal.
 12672 | D:8      | Noticed a moth of wrath
 12674 | D:8      | Noticed Harold
 12677 | D:8      | Found a bloodstained altar of Trog.
 12726 | D:8      | Killed Harold
 12726 | D:8      | Reached skill level 1 in Maces & Flails
 12726 | D:8      | Reached XP level 10. HP: 86/111 MP: 2/17
 12961 | D:8      | Found a shattered altar of Ashenzari.
 13008 | D:8      | Found an ornate altar of the Wu Jian Council.
 13586 | D:8      | Slain by a komodo dragon

Illustrated notes

Levels and vault maps discovered:
D:1:      wander_arrival_desolate, layout_loops_cross, minmay_misc_feat_encased,
          minmay_crystal_water, wad_floor_pattern_untrapped, nrook_mini_vaults,
          ashenzari_altar_1
D:2:      layout_basic
D:3:      layout_basic, old_standard_altar, minmay_strange_pillars, uniq_grinder
D:4:      wander_river, layout_loops_corners, xom_teletrap_fun,
          minmay_temple_entry_tees, serial_shops, shop, shop_fountains,
          nicolae_shop_crystal, nicolae_shop_trees, nicolae_shop_window_shopping
D:5:      layout_loops_corners, grunt_temple_overflow_open, nrook_campfire
D:6:      layout_cave_pools, kennysheep_small_spiral, uniq_edmund
D:7:      layout_basic, kennysheep_mini, gammafunk_ghost_wrathful_warriors
D:8:      layout_basic, lemuel_round_altar, lemuel_crystal_altar,
          gammafunk_ghost_spectres, minmay_misc_feat_iff, tgw_trog, uniq_harold
Temple:   cyrus_circular_temple

Skill      XL: |  1  2  3  4  5  6  7  8  9 10 |
---------------+-------------------------------+-----
Conjurations   | 1 2 3 |  3.0
Dodging        | 2 3 4 5 8 |  8.2
Fighting       | 1 3 4 6 7 10 | 10.9
Spellcasting   | 4 5 |  5.0
Summonings     | 2 |  2.0
Air Magic      | 2 3 |  3.0
Poison Magic   | 2 3 |  3.0
Maces & Flails | 1 2 |  2.5
Stealth        | |  1.4
Translocations | |  0.8

Action                   |  1- 3 |  4- 6 |  7- 9 | 10-12 || total
-------------------------+-------+-------+-------+-------++-------
Melee: Dagger            |    32 |    31 |     8 |       ||    71
       Quarterstaff      |       |       |   134 |    45 ||   179
 Cast: Magic Dart        |    69 |   169 |   194 |    31 ||   463
       Call Imp          |     3 |    26 |    63 |    11 ||   103
       Mephitic Cloud    |       |       |     8 |     4 ||    12
Invok: Call Merchant     |       |       |     1 |       ||     1
Evoke: Wand              |       |       |     1 |       ||     1
  Use: Scroll            |       |     8 |       |       ||     8
       Potion            |       |     1 |     1 |       ||     2
 Stab: Sleeping          |     1 |     1 |       |       ||     2
       Distracted        |       |       |     2 |       ||     2
       Confused          |       |       |     1 |       ||     1
Armor: Robe              |    19 |    21 |    48 |     5 ||    93
Dodge: Dodged            |    28 |    44 |   189 |    21 ||   282

Table legend: (Time is in decaauts)
 A = Elapsed time spent in this place.
 B = Non-inter-level travel time spent in this place.
 C = Inter-level travel time spent in this place.
 D = Time resting spent in this place.
 E = Time spent auto-exploring this place.
 F = Levels seen in this place.
 G = Mean time per level.
                   A        B        C        D        E       F      G
               +--------+--------+--------+--------+--------+-----+--------+
         Total |  13706 |  13189 |    517 |   5166 |   5216 |   9 | 1522.9 |
       Dungeon |  13639 |  13122 |    517 |   5166 |   5216 |   8 | 1704.9 |
        Temple |     67 |     67 |      0 |      0 |      0 |   1 |   67.0 |
               +--------+--------+--------+--------+--------+-----+--------+

Top non-repeatable levels by time:
     D:5: 3335 daAuts
     D:7: 1983 daAuts
     D:6: 1875 daAuts
     D:1: 1486 daAuts
     D:4: 1411 daAuts
     D:2: 1394 daAuts
     D:3: 1365 daAuts
     D:8: 787 daAuts
  Temple: 67 daAuts
